AoeStats
← anton.fenix

Oasis

509146677Analyzed
4v4 RM · 8d ago on Sep 25, 2026· 66m 9s· 8 players
Game mode
Random Map
Map size
Large (8 player)
Population
200
Speed
Normal
Resources
Standard
Victory
Conquest
Starting age
Dark Age
Ending age
Imperial Age
RankedLock teamsTeams togetherTeam positionsShared explorationLock speedFull tech treeHidden civsTurbo modeCheats
Victory
Defeat
🇮🇳 Portuguese · India
784
+15
🇮🇳 Inca · India
779
+15
🇮🇳 Teutons · India
756
+16
🇮🇳 Ethiopians · India
726
+17
🇷🇺 Byzantines · Russia
766
-16
🇷🇺 Armenians · Russia
761
-16
🇷🇺 Huns · Russia
754
-16
🇷🇺 Britons · Russia
746
-15
Tonny
10:35 Feudal Age
9:17 Loom
11:08 Double-Bit Axe
11:33 Horse Collar
20:46 Castle Age
19:39 Scale Barding Armor
19:38 Gold Mining
20:44 Forging
21:27 Husbandry
21:32 Heavy Plow
22:12 Bow Saw
23:34 Stone Mining
24:28 Fervor
27:32 Iron Casting
28:39 Wheelbarrow
29:19 Gold Shaft Mining
28:53 Caravan
30:42 Hand Cart
32:04 Chain Barding Armor
33:10 Stone Shaft Mining
36:56 Imperial Age
34:51 Fletching
35:25 Ballistics
35:13 Padded Archer Armor
35:17 Elite Skirmisher
36:39 Thumb Ring
38:19 Plate Barding Armor
37:43 Bodkin Arrow
38:13 Heavy Camel Rider
39:34 Leather Archer Armor
42:52 Conscription
42:45 Logistica
43:09 Bracer
44:32 Chemistry
43:14 Treadmill Crane
44:39 Ring Archer Armor
50:12 Elite Cataphract
Garbak
8:53 Loom
11:42 Feudal Age
14:45 Man-at-Arms
15:39 Forging
15:52 Horse Collar
17:00 Scale Mail Armor
22:08 Castle Age
20:52 Long Swordsman
21:18 Arson
23:02 Gambesons
24:15 Wheelbarrow
23:09 Elite Skirmisher
24:33 Heavy Plow
27:13 Iron Casting
26:10 Two-Handed Swordsman
27:56 Chain Mail Armor
31:06 Hand Cart
32:00 Champion
45:29 Town Watch
47:49 Double-Bit Axe
47:56 Gold Mining
51:52 Squires
55:56 Bow Saw
55:38 Stone Mining
SAM[OGB]
0:40 Loom
11:57 Feudal Age
12:23 Horse Collar
12:32 Double-Bit Axe
12:41 Town Watch
18:14 Wheelbarrow
20:37 Castle Age
20:02 Arson
20:19 Stone Mining
20:23 Gold Mining
20:34 Fletching
21:56 Hand Cart
22:19 Bow Saw
24:24 Heavy Plow
24:21 Elite Skirmisher
26:17 Caravan
27:46 Bodkin Arrow
28:41 Padded Archer Armor
30:46 Leather Archer Armor
31:10 Crossbowman
32:43 Town Patrol
33:47 Squires
36:27 Gold Shaft Mining
36:48 Yeomen
38:11 Ballistics
42:15 Imperial Age
40:44 Man-at-Arms
42:14 Forging
41:51 Gambesons
43:14 Bracer
43:40 Conscription
42:46 Arbalester
43:28 Treadmill Crane
44:44 Warwolf
46:24 Elite Longbowman
47:32 Onager
50:41 Chemistry
anton.fenix
13:15 Feudal Age
11:52 Loom
14:14 Double-Bit Axe
14:14 Horse Collar
23:21 Castle Age
29:41 Scale Barding Armor
31:34 Bow Saw
31:19 Gold Mining
33:27 Chain Barding Armor
33:46 Heavy Plow
34:46 Caravan
35:44 Forging
35:39 Scale Mail Armor
36:45 Thumb Ring
36:02 Crossbowman
36:56 Husbandry
39:53 Bloodlines
40:43 Marauders
41:27 Iron Casting
41:08 Chain Mail Armor
55:45 Squires
55:05 Pikeman
55:13 Elite Skirmisher
OmiOfSilver
11:40 Feudal Age
15:59 Castle Age
18:09 Double-Bit Axe
18:10 Horse Collar
26:25 Bow Saw
31:01 Imperial Age
30:18 Loom
32:50 Chemistry
31:57 Siege Engineers
32:15 Ballistics
31:50 Murder Holes
32:43 Wheelbarrow
33:42 Conscription
35:38 Coinage
36:08 Hand Cart
37:26 Man-at-Arms
37:53 Gambesons
37:54 Arson
37:55 Long Swordsman
38:30 Two-Handed Swordsman
39:45 Pikeman
40:38 Scale Mail Armor
40:51 Forging
40:19 Halberdier
43:31 Iron Casting
43:11 Chain Mail Armor
43:52 Banking
45:36 Blast Furnace
45:06 Plate Mail Armor
46:33 Fletching
46:44 Padded Archer Armor
46:44 Elite Skirmisher
47:30 Thumb Ring
47:28 Elite Organ Gun
48:32 Bodkin Arrow
48:52 Leather Archer Armor
49:02 Masonry
48:40 Treadmill Crane
54:23 Two-Man Saw
64:25 Circumnavigation
simpLest
10:09 Feudal Age
10:37 Double-Bit Axe
10:56 Horse Collar
19:49 Castle Age
20:35 Heavy Plow
20:27 Stone Mining
20:51 Bow Saw
22:45 Stone Shaft Mining
22:13 Gold Mining
23:52 Gold Shaft Mining
29:43 Imperial Age
27:30 Scale Mail Armor
29:22 Wheelbarrow
28:33 Town Watch
32:32 Hand Cart
32:18 Town Patrol
33:05 Crop Rotation
33:15 Conscription
32:48 Elite Kamayuk
34:49 Loom
35:29 Chain Mail Armor
35:24 Forging
35:27 Fabric Shields
44:29 Plate Mail Armor
44:35 Iron Casting
50:43 Champi Runner
51:26 Squires
51:19 Champi Warrior
51:50 Elite Champi Warrior
55:52 Blast Furnace
ronin101
13:46 Feudal Age
16:54 Double-Bit Axe
20:49 Castle Age
19:39 Bloodlines
20:42 Scale Barding Armor
20:48 Forging
20:41 Scale Mail Armor
28:04 Gold Mining
28:53 Chain Barding Armor
28:49 Chain Mail Armor
28:32 Stone Mining
29:25 Bow Saw
30:01 Man-at-Arms
30:01 Pikeman
30:42 Squires
30:27 Gambesons
33:02 Iron Casting
32:50 Long Swordsman
39:45 Loom
42:31 Imperial Age
40:24 Caravan
42:52 Ballistics
42:50 Elite Teutonic Knight
44:44 Wheelbarrow
43:55 Loom
45:47 Stone Shaft Mining
48:17 Chemistry
48:21 Two-Handed Swordsman
48:47 Arson
49:13 Halberdier
52:18 Plate Mail Armor
52:49 Blast Furnace
52:24 Plate Barding Armor
51:42 Fletching
63:24 Redemption
63:15 Atonement
63:16 Devotion
63:42 Illumination
63:38 Sanctity
63:34 Block Printing
63:29 Fervor
0sanity dokutah
10:30 Loom
12:35 Feudal Age
18:22 Castle Age
16:29 Double-Bit Axe
18:43 Horse Collar
22:54 Heavy Plow
25:43 Bow Saw
25:41 Fletching
26:11 Caravan
26:58 Scale Barding Armor
28:33 Gold Mining
28:34 Stone Mining
30:54 Wheelbarrow
31:06 Bodkin Arrow
31:30 Padded Archer Armor
33:49 Leather Archer Armor
34:32 Coinage
35:27 Squires
35:13 Arson
36:45 Ballistics
36:39 Masonry
39:51 Imperial Age
37:46 Royal Heirs
38:37 Thumb Ring
37:53 Crossbowman
37:54 Elite Skirmisher
40:00 Arbalester
41:23 Ring Archer Armor
40:55 Bracer
43:28 Chemistry
43:54 Two-Man Saw
43:28 Hand Cart
44:02 Siege Engineers
44:46 Onager
46:11 Conscription
47:29 Architecture
49:53 Siege Onager
Connection lost

Rejoining the realm…

Still unreachable

The connection could not be restored.

Session expired

The server has moved on; the page needs a fresh start.